 Dungeon Crawl Stone Soup version 0.32-a0-929-g5c35ed9 (webtiles) character file.

Game seed: 2956709452490917699

14184 jinhoftyu the Severer (level 11, -12/97 HPs)
             Began as a Minotaur Fighter on Apr 12, 2024.
             Was a Believer of Makhleb.
             Mangled by a two-headed ogre
             ... wielding a +0 giant spiked club
              (21 damage)
             ... on level 10 of the Dungeon.
             The game lasted 00:18:17 (9599 turns).

jinhoftyu the Severer (Minotaur Fighter)            Turns: 9599, Time: 00:18:18

Health: -12/97     AC: 23    Str: 31 (32) XL:     11   Next: 85%
Magic:  14/14      EV:  7    Int:  3 (5)  God:    Makhleb [**....]
Gold:   654        SH:  0    Dex:  7 (9)  Spells: 10/10 levels left

rFire   . . .        c - +1 battleaxe (flame)
rCold   . . .        (shield currently unavailable)
rNeg    + + .        t - +0 plate armour
rPois   +            (helmet restricted)
rElec   .            Q - +0 cloak
rCorr   .            g - +0 pair of gloves
SInv    .            B - +1 pair of boots
Will    .....        x - amulet of Buharior {rPois rN++ RegenMP+ Stlth+} Stlth
                     f - +6 ring of strength
HPRegen 0.36/turn    E - +4 ring of protection
MPRegen 0.54/turn

%: no passive effects
@: no status effects
A: horns 2, retaliatory headbutt
a: Renounce Religion, Minor Destruction


You were on level 10 of the Dungeon.
You worshipped Makhleb.
Makhleb was pleased with you.
You visited 2 branches of the dungeon, and saw 12 of its levels.

You collected 654 gold pieces.

Inventory:

Hand Weapons
 c - a +1 battleaxe of flaming (weapon)
 r - a +2 war axe of venom
Missiles
 u - 32 poisoned darts (quivered)
 A - 3 javelins
Armour
 g - a +0 pair of gloves (worn)
 t - a +0 plate armour (worn)
 B - a +1 pair of boots (worn)
 N - a +0 buckler
 Q - a +0 cloak (worn)
Jewellery
 f - a +6 ring of strength (left hand)
 i - a ring of positive energy
 j - an amulet of regeneration
 l - a +5 ring of evasion
 s - a ring of poison resistance
 x - the amulet of Buharior (around neck) {rPois rN++ RegenMP+ Stlth+}
   (You acquired it on level 6 of the Dungeon)

   [amulet of magic regeneration]

   It increases your rate of magic regeneration.
   rPois:     It protects you from poison.
   rN++:      It greatly protects you from negative energy.
   Stlth+:    It makes you more stealthy.
   RegenMP+:  It increases your rate of magic regeneration.
 y - a ring of positive energy
 z - an amulet of guardian spirit
 E - a +4 ring of protection (right hand)
 G - a ring of magical power
 H - a ring of protection from fire
 L - a ring of willpower
Wands
 D - a wand of warping (18)
 O - a wand of flame (7)
 P - a wand of paralysis (1)
 R - a wand of polymorph (6)
Scrolls
 a - a scroll of noise
 b - 2 scrolls of brand weapon
 h - 2 scrolls of revelation
 m - 2 scrolls of fog
 n - 3 scrolls of blinking
 o - a scroll of fear
 v - 3 scrolls of immolation
 C - 4 scrolls of teleportation
 M - a scroll of summoning
Potions
 d - 5 potions of might
 e - 4 potions of brilliance
 k - 2 potions of ambrosia
 p - 2 potions of enlightenment
 q - 5 potions of attraction
 w - a potion of invisibility
 F - a potion of lignification {unknown}
 I - 2 potions of curing
 J - a potion of degeneration


   Skills:
 - Level 9.0 Fighting
 + Level 16.8 Axes
 - Level 9.0 Armour
 - Level 9.0 Shields
 + Level 5.5 Invocations


You had 10 spell levels left.
You didn't know any spells.
Your spell library contained the following spells:

 Spells                   Type           Power      Damage    Failure   Level
 Magic Dart               Conj           0%         1d3       99%         1
 Summon Small Mammal      Summ           0%         N/A       99%         1
 Blink                    Tloc           0%         N/A       100%        2
 Call Imp                 Summ           0%         N/A       100%        2
 Sublimation of Blood     Necr           0%         N/A       100%        2
 Call Canine Familiar     Summ           0%         N/A       100%        3
 Leda's Liquefaction      Alch/Erth      0%         N/A       100%        4
 Petrify                  Alch/Erth      0%         N/A       100%        4
 Summon Blazeheart Golem  Fire/Summ      0%         N/A       100%        4
 Metabolic Englaciation   Hex/Ice        0%         N/A       100%        5
 Summon Hydra             Summ           0%         N/A       100%        7
 Chain Lightning          Conj/Air       0%         N/A       100%        9
 Fire Storm               Conj/Fire      0%         5d1       100%        9
 Shatter                  Erth           0%         3d5*      100%        9


Dungeon Overview and Level Annotations

Branches:
Dungeon (11/15)            Temple (1/1) D:6            Lair (0/5) D:8
    Orc: D:9-12

Altars:
Ashenzari
Cheibriados
Dithmenos
Elyvilon
Fedhas
Gozag
Hepliaklqana
Kikubaaqudgha
Makhleb
Nemelex Xobeh
Okawaru
Qazlal
Ru
Sif Muna
Trog
Uskayaw
Vehumet
Wu Jian
Xom
Yredelemnul
Zin
The Shining One

Shops:
D:1 !   D:3 !   D:4 ?   D:5 ?   D:7 !   D:8 [


Innate Abilities, Weirdness & Mutations

You have a pair of horns on your head.
You reflexively headbutt those who attack you in melee.


Message History

The two-headed ogre barely misses you.
There is a stone staircase leading up, spattered with blood here.
Things that are here:
a +0 flail; a human corpse; an orc corpse The orc barely misses you.
You furiously retaliate!
You headbutt the orc. The orc hits you but does no damage.
The two-headed ogre closely misses you.
The two-headed ogre hits you but does no damage.
The two-headed ogre closely misses you.
The two-headed ogre hits you with a +0 giant club.
You climb upwards.
There is a stone staircase leading down here.
Unknown command.
The orc hits you but does no damage. The orc hits you but does no damage.
The orc attacks as it pursues you! The orc closely misses you.
You furiously retaliate!
You headbutt the orc!
You kill the orc!
Makhleb accepts your kill.
You feel better.
The two-headed ogre hits you with a +0 giant spiked club!
The two-headed ogre hits you with a +0 giant club!
* * * LOW HITPOINT WARNING * * *
You slash the two-headed ogre! You burn the two-headed ogre.
The two-headed ogre is lightly wounded.
The two-headed ogre hits you but does no damage.
The two-headed ogre closely misses you.
You barely miss the two-headed ogre.
The two-headed ogre is lightly wounded.
You slice the two-headed ogre!! You burn the two-headed ogre.
Your headbutt misses the two-headed ogre.
The two-headed ogre is severely wounded.
The two-headed ogre hits you with a +0 giant spiked club!!
* * * LOW HITPOINT WARNING * * *
The two-headed ogre hits you but does no damage.
Unknown command.
It was a potion of degeneration.
There was something very wrong with that liquid.
You feel weakened.
You feel dopey.
You feel clumsy.
The two-headed ogre hits you with a +0 giant spiked club!!
You die...

########..###.#.#####.......##.##
..........###.#.#...........##.#
#########...................##.#
#####.#######.##.#####.# #.#
#.##.# ###.## #.# ##.##.# #.....
#.# ##...#.# #.##.#
#.#####....>.# #[##.#
#...@OOo)....# #.##.#
#######......###.##.#
##.........[... ##.#.........#
#.######.#### #[.......#
##########


You could see 2 two-headed ogres and an orc.

Vanquished Creatures
  Erica (D:9)
  A boulder beetle (D:11)
  A two-headed ogre (D:11)
  A deep elf pyromancer (D:8)
  A cyclops (D:11)
  Maurice (D:10)
  A gargoyle (D:10)
  A tengu conjurer (D:8)
  A troll (D:8)
  A hornet (D:8)
  5 dream sheep (D:8)
  A vampire (D:10)
  A shadow (D:10)
  A wraith (D:9)
  A human (D:11)
  17 yaks
  Eustachio (D:6)
  2 wargs (D:11)
  Menkaure (D:7)
  2 acid dragons
  4 water moccasins
  3 orc warriors
  4 sky beasts
  A black bear (D:4)
  2 ogres
  4 wolves (D:8)
  4 centaurs
  A phantom (D:5)
  4 kobold brigands
  4 bullfrogs
  3 scorpions (D:5)
  A gnoll sergeant (D:10)
  7 wights
  15 killer bees
  2 howler monkeys
  A sleepcap (D:5)
  3 bombardier beetles
  3 jellies
  2 gnoll boudas
  6 hounds
  16 orc priests
  4 iguanas
  Jessica (D:2)
  Natasha (thrice) (D:2)
  14 orc wizards
  Robin (D:2)
  4 gnolls (D:10)
  5 adders
  2 shadow imps
  2 white imps
  2 ufetubi (D:7)
  37 orcs
  4 bats
  8 endoplasms
  2 giant cockroaches
  19 goblins
  10 hobgoblins
  22 kobolds
  4 quokkas
  9 ball pythons
  3 frilled lizards
  4 rats
292 creatures vanquished.

Vanquished Creatures (others)
  An orc (D:9)
1 creature vanquished.

Grand Total: 293 creatures vanquished

Notes
Turn   | Place    | Note
-------+----------+-------------------------------------------
     0 | D:1      | jinhoftyu the Minotaur Fighter began the quest for the Orb.
     0 | D:1      | Reached XP level 1. HP: 19/19 MP: 0/0
   251 | D:1      | Reached XP level 2. HP: 27/27 MP: 1/1
   297 | D:1      | Reached skill level 3 in Axes
   475 | D:1      | Found Rena's Distillery.
   706 | D:1      | Found a faded altar of an unknown god.
   745 | D:2      | Reached XP level 3. HP: 31/33 MP: 2/2
   758 | D:2      | Noticed Jessica
   764 | D:2      | Killed Jessica
   794 | D:2      | Reached XP level 4. HP: 37/40 MP: 3/3
   808 | D:2      | Noticed Robin
   812 | D:2      | Reached skill level 4 in Axes
   812 | D:2      | Noticed Natasha
   824 | D:2      | Killed Natasha
   830 | D:2      | Killed Robin
   831 | D:2      | Reached XP level 5. HP: 17/47 MP: 4/4
   834 | D:2      | Noticed Natasha
   848 | D:2      | Killed Natasha
   943 | D:2      | Found a broken altar of Ashenzari.
  1045 | D:2      | Noticed Natasha
  1049 | D:2      | Killed Natasha
  1419 | D:3      | Found Vaygoer's Distillery.
  1535 | D:3      | Found a blossoming altar of Fedhas.
  1609 | D:3      | Reached skill level 5 in Axes
  1824 | D:3      | Found a basalt altar of Yredelemnul.
  1826 | D:3      | Found a sparkling altar of Nemelex Xobeh.
  2159 | D:4      | Noticed an ogre
  2164 | D:4      | Killed an ogre
  2165 | D:4      | Reached skill level 5 in Fighting
  2165 | D:4      | Reached skill level 5 in Armour
  2165 | D:4      | Reached XP level 6. HP: 56/56 MP: 5/5
  2166 | D:4      | Reached skill level 5 in Shields
  2237 | D:4      | Found Wuidghyhi's Magic Scroll Shop.
  2603 | D:4      | Reached skill level 6 in Axes
  2701 | D:5      | Entered Level 5 of the Dungeon
  2747 | D:5      | Reached XP level 7. HP: 61/61 MP: 6/6
  3029 | D:5      | Reached skill level 7 in Axes
  3125 | D:5      | Reached XP level 8. HP: 70/70 MP: 7/7
  3128 | D:5      | Reached skill level 8 in Axes
  3341 | D:5      | Found Foeshil's Magic Scroll Emporium.
  3453 | D:5      | Reached skill level 9 in Axes
  3655 | D:6      | Found a staircase to the Ecumenical Temple.
  3719 | D:6      | Noticed Eustachio
  3739 | D:6      | Killed Eustachio
  3768 | D:6      | Reached skill level 10 in Axes
  3839 | D:6      | Identified a scroll of acquirement
  3839 | D:6      | Acquired the amulet of Buharior {rPois rN++ RegenMP+
                  | Stlth+}
  3934 | D:6      | Reached skill level 11 in Axes
  3937 | Temple   | Entered the Ecumenical Temple
  4053 | D:6      | Found a glowing silver altar of Zin.
  4366 | D:7      | Noticed Menkaure
  4369 | D:7      | Killed Menkaure
  4370 | D:7      | Reached XP level 9. HP: 75/75 MP: 8/8
  4483 | D:7      | Reached skill level 12 in Axes
  4502 | D:7      | Reached skill level 13 in Axes
  4797 | D:7      | Reached skill level 14 in Axes
  5232 | D:7      | Found Plog's Distillery.
  5437 | D:8      | Reached skill level 15 in Axes
  5437 | D:8      | Reached XP level 10. HP: 60/83 MP: 9/9
  5679 | D:8      | Reached skill level 16 in Axes
  6071 | D:8      | Found Makhlysh's Armour Shop.
  6195 | D:8      | Found a staircase to the Lair.
  6457 | D:8      | Noticed a four-headed hydra
  6458 | D:8      | Noticed a two-headed ogre
  6579 | D:8      | Noticed a deep elf pyromancer
  6592 | D:8      | Killed a deep elf pyromancer
  7008 | D:9      | Found a burning altar of Makhleb.
  7034 | D:9      | Became a worshipper of Makhleb the Destroyer
  7174 | D:9      | Reached XP level 11. HP: 82/94 MP: 10/10
  7179 | D:9      | Reached skill level 1 in Invocations
  7452 | D:9      | Noticed Erica
  7497 | D:9      | Killed Erica
  8341 | D:10     | Entered Level 10 of the Dungeon
  8506 | D:10     | Reached * piety under Makhleb
  8686 | D:10     | Noticed Maurice
  8697 | D:10     | Killed Maurice
  9065 | D:10     | Found an iron altar of Okawaru.
  9414 | D:11     | Noticed a two-headed ogre
  9421 | D:11     | Killed a two-headed ogre
  9465 | D:11     | Noticed a boulder beetle
  9474 | D:11     | Killed a boulder beetle
  9475 | D:11     | Reached skill level 5 in Invocations
  9555 | D:11     | Noticed a two-headed ogre
  9557 | D:11     | Noticed a two-headed ogre
  9580 | D:11     | Reached ** piety under Makhleb
  9599 | D:10     | Mangled by a two-headed ogre

Illustrated notes

Levels and vault maps discovered:
D:1:      minmay_arrival_diagonal_passages, layout_loops_cross,
          shapermc_ecumenical_altar_acropolis, serial_shops, shop
D:2:      layout_rooms, basic_altar, uniq_jessica, uniq_natasha, uniq_robin
D:3:      layout_basic, mainiacjoe_overflow_alcove_2,
          gammafunk_temple_overflow_wave, serial_shops, shop_statue
D:4:      layout_gridville, serial_shops, nicolae_shop_behind_doors
D:5:      wad_river_or_something, layout_loops_ring, nicolae_stop_n_shop_1
D:6:      layout_basic, mainiacjoe_overflow_small_starburst,
          minmay_temple_entry_gardened_gates, uniq_eustachio
D:7:      cheibrodos_helix_gallery, layout_basic, serial_shops,
          nicolae_shop_rolling_square, minmay_between, uniq_menkaure
D:8:      minmay_bloctagon_deflated, layout_basic, erik_lair_island,
          serial_shops, shop, dreamdust_gnoll_shepherd
D:9:      layout_grid_maze, bloody_makhleb, uniq_erica
D:10:     layout_loops_ring, grunt_ministairs_7, david_defended_altar_orc,
          uniq_maurice
D:11:     layout_irregular_city, erik_orc_4
Temple:   bh_familiar_temple

Skill      XL: |  1  2  3  4  5  6  7  8  9 10 11 |
---------------+----------------------------------+-----
Axes           | 3 4 5 6 7 11 15 16 | 16.8
Fighting       | 4 5 6 8 9 |  9.0
Armour         | 4 5 6 7 9 |  9.0
Shields        | 4 5 6 7 9 |  9.0
Invocations    | 5 |  5.5

Action                     |  1- 3 |  4- 6 |  7- 9 | 10-12 || total
---------------------------+-------+-------+-------+-------++-------
  Melee: War axe           |    64 |   108 |   238 |   186 ||   596
         Headbutt          |    10 |    15 |    49 |    40 ||   114
         Battleaxe         |       |       |       |   122 ||   122
  Throw: Dart              |       |       |       |     3 ||     3
  Evoke: Wand              |       |       |       |     1 ||     1
    Use: Scroll            |       |     8 |     6 |     4 ||    18
         Potion            |       |       |       |     6 ||     6
   Stab: Paralysed         |       |       |       |     1 ||     1
 Armour: Scale mail        |    37 |    60 |       |       ||    97
         Plate armour      |       |    20 |   147 |   259 ||   426
  Dodge: Dodged            |    40 |    70 |    81 |   125 ||   316
  Block: Buckler           |    18 |    27 |    27 |    34 ||   106

Table legend: (Time is in decaauts)
 A = Elapsed time spent in this place.
 B = Non-inter-level travel time spent in this place.
 C = Inter-level travel time spent in this place.
 D = Time resting spent in this place.
 E = Time spent auto-exploring this place.
 F = Levels seen in this place.
 G = Mean time per level.
                   A        B        C        D        E       F      G
               +--------+--------+--------+--------+--------+-----+--------+
         Total |   9615 |   9111 |    504 |    464 |   6752 |  12 |  801.2 |
       Dungeon |   9559 |   9107 |    452 |    464 |   6752 |  11 |  869.0 |
        Temple |     56 |      4 |     52 |      0 |      0 |   1 |   56.0 |
               +--------+--------+--------+--------+--------+-----+--------+

Top non-repeatable levels by time:
     D:8: 1518 daAuts
     D:9: 1344 daAuts
     D:7: 1147 daAuts
    D:10: 1022 daAuts
     D:3: 978 daAuts
     D:5: 964 daAuts
     D:1: 746 daAuts
     D:6: 581 daAuts
     D:4: 550 daAuts
     D:2: 484 daAuts
    D:11: 220 daAuts
  Temple: 56 daAuts
